 Dungeon Crawl Stone Soup version 0.20.1-1-g8b1a95d (webtiles) character file.

1875 Ijustatesigmund the Cutter (level 9, -4/61 HPs)
             Began as an Octopode Assassin on Sept 23, 2017.
             Was an Initiate of Cheibriados.
             Slain by a killer bee zombie (7 damage)
             ... on level 6 of the Dungeon.
             The game lasted 00:16:12 (6919 turns).

Ijustatesigmund the Cutter (Octopode Assassin)      Turns: 6919, Time: 00:16:13

Health: -4/61      AC:  1    Str: 12    XL:     9   Next: 14%
Magic:  0/12       EV: 15    Int: 14    God:    Cheibriados [......]
Gold:   13         SH: 12    Dex: 22    Spells: 8/8 levels left

rFire    . . .     SeeInvis .   a - +2 dagger
rCold    + . .     Gourm    .   e - +2 shield
rNeg     . . .     Faith    .   (helmet restricted)
rPois    +         Spirit   +   p - amulet of guardian spirit
rElec    .         Reflect  .   j - ring of flight
rCorr    .         Harm     .   l - +5 ring of dexterity
MR       +....                  s - ring of poison resistance
Stlth    +++++.....             A - ring of protection from cold
Regen    0.2/turn               C - ring of protection from magic
MPRegen  0.2/turn               (no ring)
                                (no ring)
                                (no ring)

@: about to teleport, very slow
A: almost no armour, stealthy swim, amphibious, 8 rings, constrict 8, camouflage
1, gelatinous body 1
a: Bend Time, Renounce Religion, Evoke Flight


You were on level 6 of the Dungeon.
You worshipped Cheibriados.
Cheibriados was noncommittal.
You were not hungry.

You visited 2 branches of the dungeon, and saw 7 of its levels.

You collected 210 gold pieces.
You spent 197 gold pieces at shops.

Inventory:

Hand Weapons
 a - a +2 dagger (weapon)
 b - a +1 blowgun
 i - a +0 dagger of distortion
Missiles
 c - 31 poisoned needles
 d - a curare-tipped needle
 u - a throwing net (quivered)
Armour
 e - a +2 shield (worn)
Jewellery
 j - a ring of flight (left tentacle)
 l - a +5 ring of dexterity (right tentacle)
 p - an amulet of guardian spirit (around mantle)
 s - a ring of poison resistance (on tentacle)
 y - an uncursed ring of ice
 A - a ring of protection from cold (on tentacle)
 C - a ring of protection from magic (on tentacle)
Scrolls
 k - a scroll of remove curse
 m - 2 scrolls of recharging
 x - a scroll of enchant weapon
Potions
 o - 2 potions of mutation {unknown}
 q - a potion of brilliance
 t - a potion of flight
 v - a potion of heal wounds {unknown}
 w - a potion of agility
 z - a potion of magic {unknown}
 B - a potion of lignification {unknown}
Comestibles
 f - 6 bread rations
 g - 2 royal jellies
 n - 2 meat rations


   Skills:
 - Level 5.5 Fighting
 - Level 5.7 Short Blades
 - Level 2.0 Throwing
 + Level 4.9 Dodging
 - Level 5.6 Stealth
 - Level 4.9 Shields
 + Level 5.2 Invocations


You had 8 spell levels left.
You didn't know any spells.

Dungeon Overview and Level Annotations

Branches:
Dungeon (6/15)             Temple (1/1) D:5

Altars:
Ashenzari
Cheibriados
Dithmenos
Elyvilon
Fedhas
Hepliaklqana
Kikubaaqudgha
Makhleb
Nemelex Xobeh
Okawaru
Qazlal
Ru
Sif Muna
Trog
Uskayaw
Vehumet
Xom
Yredelemnul
Zin
The Shining One

Shops:
D:5 *


Innate Abilities, Weirdness & Mutations

You cannot wear most types of armour.
You are very stealthy in the water. (Stealth+)
You are amphibious.
You can wear up to eight rings at the same time.
You can use your tentacles to constrict eight enemies at once.
Your skin changes colour to match your surroundings (Stealth+).
Your rubbery body absorbs attacks. (AC +1, EV +1)


Message History

Unknown command.
The killer bee zombie misses you. The necrophage closely misses you.
The killer bee zombie misses you.
You feel better.
You block the killer bee zombie's attack.
The necrophage closely misses you.
You block the killer bee zombie's attack.
As you read the scroll of teleportation, it crumbles to dust.
You feel strangely unstable. The killer bee zombie hits you.
* * * LOW HITPOINT WARNING * * *
You block the necrophage's attack. The killer bee zombie hits you.
* * * LOW HITPOINT WARNING * * *
The killer bee zombie hits you.
* * * LOW HITPOINT WARNING * * *
The killer bee zombie closely misses you.
The necrophage barely misses you.
Found 12 stones.
The killer bee zombie hits you!
You die...

#........# #........#
##...###.# #.### #.#
#.# #.## %(. ####.##
#..# .... #.....# ##.#
.....##.....# ###'###
.......@Z.((###.....##
#####.......##.P.⌠...#
#....n<.#P..PP..[#
#........P#_._._##
#...####....##P###
#..# ##.......# ....
##.....## .....
#.....# .... ..<....#


You could see a necrophage and a killer bee zombie.

Vanquished Creatures
  A two-headed ogre (D:5)
  A phantom (D:5)
  An ogre (D:4)
  A centaur (D:6)
  A bullfrog (D:5)
  A scorpion (D:5)
  A crimson imp (D:6)
  A bullfrog zombie (D:4)
  3 hounds
  4 orc priests
  3 bullfrog skeletons
  6 orc wizards
  2 iguanas (D:5)
  3 worker ants (D:4)
  A hound zombie (D:5)
  6 adders
  3 oozes
  2 adder skeletons
  A worm (D:2)
  4 dart slugs
  6 leopard geckos
  29 orcs
  8 bats
  4 giant cockroaches
  8 hobgoblins
  7 jackals
  8 kobolds
  2 quokkas
  3 ball pythons
  A frilled lizard (D:4)
  5 goblins
  A leopard gecko skeleton (D:4)
  12 rats
140 creatures vanquished.

Notes
Turn   | Place    | Note
-------+----------+-------------------------------------------
     0 | D:1      | Ijustatesigmund the Octopode Assassin began the quest for the Orb.
     0 | D:1      | Reached XP level 1. HP: 14/14 MP: 1/1
   233 | D:1      | Reached skill level 1 in Shields
   233 | D:1      | Reached XP level 2. HP: 16/19 MP: 2/2
   792 | D:1      | Reached XP level 3. HP: 17/24 MP: 3/3
  1569 | D:2      | Reached XP level 4. HP: 27/29 MP: 4/4
  2403 | D:3      | Reached XP level 5. HP: 24/34 MP: 1/5
  3579 | D:5      | Entered Level 5 of the Dungeon
  3579 | D:5      | Noticed a phantom
  3582 | D:5      | Reached XP level 6. HP: 41/41 MP: 6/6
  4137 | D:4      | Reached XP level 7. HP: 16/47 MP: 2/7
  5129 | D:4      | Reached skill level 5 in Short Blades
  5459 | D:5      | Reached skill level 5 in Fighting
  5511 | D:5      | Reached XP level 8. HP: 49/55 MP: 6/8
  6066 | D:5      | Found a staircase to the Ecumenical Temple.
  6074 | Temple   | Entered the Ecumenical Temple
  6209 | Temple   | Became a worshipper of Cheibriados the Contemplative
  6366 | D:5      | Reached skill level 1 in Invocations
  6584 | D:5      | Noticed a two-headed ogre
  6588 | D:5      | Killed a two-headed ogre
  6588 | D:5      | Reached XP level 9. HP: 47/61 MP: 7/12
  6589 | D:5      | Found Ushong's Assorted Antiques.
  6595 | D:5      | Bought a smoky sapphire potion for 26 gold pieces
  6595 | D:5      | Bought a gilded ring for 145 gold pieces
  6595 | D:5      | Bought a smoky inky potion for 26 gold pieces
  6796 | D:6      | Found a deep blue altar of Sif Muna.
  6796 | D:6      | Found a stormy altar of Qazlal.
  6796 | D:6      | Found a burning altar of Makhleb.
  6897 | D:6      | Reached skill level 5 in Invocations
  6917 | D:6      | HP: 2/61 [killer bee zombie (2)]
  6919 | D:6      | Slain by a killer bee zombie

Skill      XL: |  1  2  3  4  5  6  7  8  9 |
---------------+----------------------------+-----
Shields        | 1 2 3 4 |  4.9
Fighting       | 3 5 |  5.5
Short Blades   | 3 5 |  5.7
Invocations    | 4 5 |  5.2
Dodging        | 4 |  4.9
Throwing       | |  2.0
Stealth        | |  5.6

Action                   |  1- 3 |  4- 6 |  7- 9 || total
-------------------------+-------+-------+-------++-------
Melee: Dagger            |    81 |   164 |   180 ||   425
       Constrict         |    17 |    44 |    38 ||    99
       Tentacles         |    23 |    48 |    54 ||   125
 Fire: Blowgun           |       |       |     3 ||     3
  Use: Scroll            |     5 |     3 |     2 ||    10
       Potion            |       |     3 |     1 ||     4
 Stab: Sleeping          |    14 |    16 |     3 ||    33
       Distracted        |       |     1 |       ||     1
  Eat: Chunk             |     2 |     7 |     4 ||    13
       Royal jelly       |       |       |     3 ||     3
Armor: Skin              |     1 |     4 |     2 ||     7
Dodge: Dodged            |    16 |    51 |    68 ||   135
Block: Shield            |    24 |    79 |    77 ||   180
